 Dungeon Crawl Stone Soup version 0.26.0-11-g8f856b5395 (webtiles) character file.

Game seed: 860888861568137543

191 Descartes the Magician (level 5, -1/28 HPs)
             Began as a Deep Elf Hedge Wizard on Jan 15, 2021.
             Slain by a scorpion (4 damage)
             ... on level 4 of the Dungeon.
             The game lasted 00:09:51 (4644 turns).

Descartes the Magician (Deep Elf Hedge Wizard)      Turns: 4644, Time: 00:09:52

Health: -1/28      AC:  5    Str:  8    XL:     5   Next: 41%
Magic:  1/14       EV: 14    Int: 19    God:
Gold:   159        SH:  0    Dex: 16    Spells: 13/14 levels left

rFire    . . .     SeeInvis .   f - +3 dagger (flame)
rCold    . . .     Faith    .   (no shield)
rNeg     . . .     Spirit   .   b - +0 robe
rPois    .         Reflect  .   p - +2 helmet
rElec    .         Harm     .   (no cloak)
rCorr    .         Rampage  .   (no gloves)
Will     .....     Rnd*Tele +   (no boots)
Stlth    +++.......             (no amulet)
HPRegen  0.09/turn              g - ring of teleportation (curse)
MPRegen  0.14/turn              (no ring)

@: very slightly contaminated
A: claws 1, agile 1, MP-powered wands
a: no special abilities


You were on level 4 of the Dungeon.
You visited 1 branch of the dungeon, and saw 4 of its levels.

You collected 159 gold pieces.

Inventory:

Hand Weapons
 f - a +3 dagger of flaming (weapon)
Missiles
 c - 42 arrows
 e - 60 stones
 l - a throwing net
 o - 16 bolts
 q - 4 boomerangs
Armour
 b - a +0 robe (worn)
 k - a +3 chain mail of willpower
 p - a +2 helmet (worn)
Jewellery
 g - a cursed ring of teleportation (left claw)
Wands
 m - a wand of acid (4)
Scrolls
 a - 2 scrolls of identify
 d - a scroll of enchant weapon
 j - 2 scrolls of enchant armour
 n - 3 scrolls of teleportation
Potions
 h - a potion of lignification {unknown}
 i - a potion of curing


   Skills:
 + Level 4.0 Dodging
 + Level 4.2 Stealth
 - Level 5.0 Spellcasting
 + Level 3.0 Conjurations
 - Level 1.1 Summonings
 - Level 1.1 Translocations
 + Level 1.7 Evocations


You had 13 spell levels left.
You knew the following spells:

 Your Spells              Type           Power        Failure   Level
a - Magic Dart            Conj           64%          3%          1

Your spell library contained the following spells:

 Spells                   Type           Power        Failure   Level
 Blink                    Tloc           N/A          12%         2
 Call Imp                 Summ           8%           12%         2
 Slow                     Hex            4%           19%         2
 Conjure Flame            Conj/Fire      10%          21%         3
 Mephitic Cloud           Conj/Pois/Air  8%           24%         3


Dungeon Overview and Level Annotations

Branches:
Dungeon (4/15)
 Temple: D:4-7

Altars:


Innate Abilities, Weirdness & Mutations

You have sharp fingernails.
You are agile. (Dex +2)
You expend magic power (3 MP) to strengthen your wands.


Message History

The phantom is severely damaged.
The phantom barely misses you. The scorpion stings you!
You are too injured to fight recklessly!
You miss the phantom.
The phantom is severely damaged.
The phantom hits you but does no damage.
The scorpion closely misses you.
Unknown command.
You hit the scorpion but do no damage.
The scorpion is severely wounded.
The phantom hits you.
* * * LOW HITPOINT WARNING * * *
The scorpion stings you.
* * * LOW HITPOINT WARNING * * *
You hit the scorpion. You burn the scorpion.
The scorpion is almost dead.
The phantom hits you.
* * * LOW HITPOINT WARNING * * *
The phantom blinks!
The scorpion stings you.
You die...

# # . ##. .# ..
.... ####.#.W.
#....##........
#............
#...@ยง......
#...>.s......
#............
#......#......
#.....##......
###..# ......
#.. ..... ...
..###


You could see a phantom and a scorpion.

Vanquished Creatures
  Terence (D:3)
  An orc wizard (D:3)
  3 gnolls (D:2)
  3 adders
  2 worms (D:2)
  2 dart slugs
  2 leopard geckos
  4 orcs (D:3)
  7 bats
  6 giant cockroaches
  9 goblins
  6 hobgoblins
  10 jackals (D:2)
  4 kobolds
  A quokka (D:3)
  3 frilled lizards
  2 rats (D:2)
66 creatures vanquished.

Notes
Turn   | Place    | Note
-------+----------+-------------------------------------------
     0 | D:1      | Descartes the Deep Elf Hedge Wizard began the quest for the
                  | Orb.
     0 | D:1      | Reached XP level 1. HP: 10/10 MP: 7/7
   456 | D:1      | Reached XP level 2. HP: 15/15 MP: 5/9
  1410 | D:2      | Reached XP level 3. HP: 13/19 MP: 9/11
  1416 | D:2      | Reached skill level 5 in Spellcasting
  1993 | D:2      | Reached XP level 4. HP: 24/24 MP: 3/13
  2770 | D:2      | Gained mutation: You are agile. (Dex +2) [potion of
                  | mutation]
  2770 | D:2      | Gained mutation: You have sharp fingernails. [potion of
                  | mutation]
  2770 | D:2      | Gained mutation: You expend magic power (3 MP) to
                  | strengthen your wands. [potion of mutation]
  3461 | D:2      | Reached skill level 1 in Evocations
  3818 | D:3      | Found a faded altar of an unknown god.
  3953 | D:3      | Noticed Terence
  4013 | D:3      | Killed Terence
  4014 | D:3      | Reached XP level 5. HP: 11/28 MP: 11/14
  4617 | D:4      | Noticed a phantom
  4644 | D:4      | Slain by a scorpion

Illustrated notes

Levels and vault maps discovered:
D:1:      grunt_arrival_lava_bath, layout_basic, grunt_decor_fettered,
          corexii_corridor_pit
D:2:      layout_basic
D:3:      layout_basic, old_standard_altar, chequers_ecumenical_altar_island,
          chequers_decorated_corner, okawaru_altar_gauntlet_db, uniq_terence
D:4:      layout_cave_pools, dk_rats_in_the_wall

Skill      XL: |  1  2  3  4  5 |
---------------+----------------+-----
Dodging        | 3 4 |  4.0
Stealth        | 3 4 |  4.2
Spellcasting   | 5 |  5.0
Conjurations   | 2 3 |  3.0
Evocations     | 1 |  1.7
Summonings     | |  1.1
Translocations | |  1.1

Action                   |  1- 3 |  4- 6 || total
-------------------------+-------+-------++-------
Melee: Dagger            |    34 |    62 ||    96
 Cast: Magic Dart        |    81 |   124 ||   205
  Use: Scroll            |       |     8 ||     8
       Potion            |       |     3 ||     3
Armor: Robe              |     9 |    11 ||    20
       Skin              |       |    10 ||    10
Dodge: Dodged            |    29 |    56 ||    85
